 Dungeon Crawl Stone Soup version 0.24-a0-420-g24607be9ce (webtiles) character file.

Game seed: 5546663641456516214

36 Amnesiac the Chiller (level 3, 0/24 HPs)
             Began as a Mummy Ice Elementalist on June 11, 2019.
             Slain by an iguana (14 damage)
             ... on level 4 of the Dungeon.
             The game lasted 00:02:47 (743 turns).

Amnesiac the Chiller (Mummy Ice Elementalist)        Turns: 743, Time: 00:02:48

Health: 0/24       AC:  2    Str: 11    XL:     3   Next: 19%
Magic:  5/7        EV: 12    Int: 15    God:
Gold:   59         SH:  0    Dex: 12    Spells: 3/8 levels left

rFire    x . .     SeeInvis .   (no weapon)
rCold    + . .     Gourm    .   (no shield)
rNeg     + + +     Faith    .   a - +0 robe
rPois    ∞         Spirit   .   (no helmet)
rElec    .         Reflect  .   (no cloak)
rCorr    .         Harm     .   (no gloves)
MR       .....                  (no boots)
Stlth    ++........             (no amulet)
HPRegen  0.08/turn              (no ring)
MPRegen  0.10/turn              (no ring)

@: no status effects
A: no food or potions, fire vulnerability, cold resistance 1, negative energy
resistance 3, torment resistance, unbreathing
a: no special abilities


You were on level 4 of the Dungeon.
You were not hungry.

You visited 1 branch of the dungeon, and saw 4 of its levels.

You collected 59 gold pieces.

Inventory:

Armour
 a - a +0 robe (worn)
Scrolls
 b - a scroll of blinking {!r, unknown}
 c - a scroll of teleportation {!r, unknown}
 d - a scroll of identify {!r, unknown}
 e - 2 scrolls of remove curse {!r, unknown}


   Skills:
 - Level 1.5 Dodging
 - Level 1.5 Stealth
 - Level 3.1 Spellcasting
 * Level 1.2 Conjurations
 + Level 3.2 Ice Magic


You had 3 spell levels left.
You knew the following spells:

 Your Spells              Type           Power        Failure   Level  Hunger
a - Freeze                Ice            ##..         5%          1    N/A
d - Throw Frost           Conj/Ice       #.....       12%         2    N/A
v - Blink                 Tloc           N/A          30%         2    N/A

Your spell library contained the following spells:

 Spells                   Type           Power        Failure   Level  Hunger
 Magic Dart               Conj           #...         12%         1    N/A
 Call Imp                 Summ           #.......     30%         2    N/A
 Slow                     Hex            #.......     30%         2    N/A
 Ozocubu's Armour         Chrm/Ice       #.......     30%         3    N/A
 Conjure Flame            Conj/Fire      #.......     43%         3    N/A
 Mephitic Cloud           Conj/Pois/Air  #.......     45%         3    N/A
 Throw Icicle             Conj/Ice       #.......     61%         4    N/A
 Summon Ice Beast         Ice/Summ       #.......     71%         4    N/A

Dungeon Overview and Level Annotations

Branches:
Dungeon (4/15)
 Temple: D:4-7

Altars:
Trog

Annotations:
D:4 exclusion: ogre, Blork the orc


Innate Abilities, Weirdness & Mutations

You do not eat or drink.
Your flesh is vulnerable to fire.
You are immune to poison.
Your flesh is cold resistant. (rC+)
You are immune to negative energy. (rN+++)
You are immune to unholy pain and torment.
You can survive without breathing.


Message History

Found a lumpy amethyst potion.
Found a stone staircase leading up.
There is a stone staircase leading up here.
A slave comes into view.
The orc barely misses you.
Casting: Freeze (safe; 5% risk of failure)
Confirm with . or Enter, or press ? or * to list all spells.
Aiming: Freeze (safe; 5% risk of failure)
Press: ? - help, Shift-Dir - straight line, f - orc
Aim: an orc, wielding a +0 hand axe You freeze the orc.
The orc is moderately wounded.
The orc hits you with a +0 hand axe.
Casting: Freeze (safe; 5% risk of failure)
Confirm with . or Enter, or press ? or * to list all spells.
Aiming: Freeze (safe; 5% risk of failure)
Press: ? - help, Shift-Dir - straight line, f/p - orc
Aim: an orc, wielding a +0 hand axe (moderately wounded)
You freeze the orc.
You kill the orc!
Casting: Freeze (safe; 5% risk of failure)
Confirm with . or Enter, or press ? or * to list all spells.
You can't see any susceptible monsters within range! (Use Z to cast anyway.)
An iguana comes into view.
There is a stone staircase leading up here.
Things that are here:
a +0 hand axe; an orc corpse An iguana is nearby!
An iguana is nearby!
Found 19 gold pieces.
Found a leather armour.
You see here a lumpy amethyst potion {!q}.
You now have 59 gold pieces (gained 19).
You open the door.
Found a sapphire potion and a yellowed book.
There is an open door here.
Found 18 stones.
An ogre comes into view. It is wielding a +0 giant spiked club.
Press: ? - help, . - travel You can't see that place. [the floor.] Placed new exclusion.
There is an open door here.
HP restored.
Blork the orc comes into view.
He is wielding a +0 trident.
The iguana is too close now for your liking.
The iguana hisses angrily.
Casting: Freeze (safe; 5% risk of failure)
Confirm with . or Enter, or press ? or * to list all spells.
Aiming: Freeze (safe; 5% risk of failure)
Press: ? - help, Shift-Dir - straight line, f - iguana
Aim: an iguana You freeze the iguana.
The iguana is lightly wounded.
The iguana bites you!
Casting: Freeze (safe; 5% risk of failure)
Confirm with . or Enter, or press ? or * to list all spells.
Aiming: Freeze (safe; 5% risk of failure)
Press: ? - help, Shift-Dir - straight line, f/p - iguana
Aim: an iguana (lightly wounded)
You freeze the iguana.
The iguana is moderately wounded.
The iguana seems to slow down.
The iguana bites you!
Ouch! That really hurt!
You die...

.######..
........#
......... #
#....>...# ##.p
#........# ....
#........#####..#
#.........<....#
#..^.###l#######
#......#@#
#.....!.##
#.##.....##
##.....#
#...<.#.###
....##..#...#
#.#######.#[# #
O.#!:#.#..#
##...(#.#...#


You could see an iguana.

Vanquished Creatures
  An adder (D:2)
  A dart slug (D:3)
  A leopard gecko (D:2)
  2 orcs
  3 bats
  2 giant cockroaches
  A hobgoblin (D:1)
  3 kobolds (D:1)
  2 ball pythons
  2 frilled lizards
  3 goblins
  A rat (D:3)
22 creatures vanquished.

Notes
Turn   | Place    | Note
-------+----------+-------------------------------------------
     0 | D:1      | Amnesiac the Mummy Ice Elementalist began the quest for the
                  | Orb.
     0 | D:1      | Reached XP level 1. HP: 13/13 MP: 4/4
   283 | D:1      | Reached XP level 2. HP: 18/19 MP: 1/5
   465 | D:2      | Learned a level 2 spell: Blink
   468 | D:2      | Learned a level 2 spell: Throw Frost
   475 | D:3      | Found a bloodstained altar of Trog.
   515 | D:3      | Reached skill level 1 in Conjurations
   595 | D:3      | Reached XP level 3. HP: 24/24 MP: 4/7
   691 | D:4      | Noticed a slave
   721 | D:4      | Noticed an ogre
   735 | D:4      | Noticed Blork the orc
   743 | D:4      | Slain by an iguana

Levels and vault maps discovered:
D:1:      lightli_arrival_maybe_door_vault, layout_basic
D:2:      layout_rooms, overflow_temple_1_default, minmay_misc_feat_alley
D:3:      layout_loops_ring, lemuel_doored_altar, trog_book
D:4:      minmay_wonky_spiral, layout_rooms, gammafunk_temple_overflow_elements,
          uniq_edmund, uniq_pikel, uniq_blork_the_orc, uniq_sigmund

Skill      XL: |  1  2 |
---------------+-------+-----
Spellcasting   | 3 |  3.1
Ice Magic      | 3 |  3.2
Conjurations   | 1 |  1.2
Dodging        | |  1.5
Stealth        | |  1.5

Action                   || total
-------------------------++-------
Melee: Unarmed           ||     1
 Cast: Freeze            ||    33
       Throw Frost       ||     1
Armor: Robe              ||     4
Dodge: Dodged            ||    13

Table legend:
 A = Non-vault XP
 B = Vault XP
 C = Vault XP percentage of total XP
 D = Non-vault monster count
 E = Vault monster count
 F = Vault count percentage of total count
                 A         B        C        D         E       F
            +---------+---------+-------+---------+---------+-------
      Total |      52 |       0 |   0.0 |      22 |       0 |   0.0
            +---------+---------+-------+---------+---------+-------
        D:1 |      13 |       0 |   0.0 |       9 |       0 |   0.0
        D:2 |      19 |       0 |   0.0 |       3 |       0 |   0.0
        D:3 |      17 |       0 |   0.0 |       9 |       0 |   0.0
        D:4 |       3 |       0 |   0.0 |       1 |       0 |   0.0
            +---------+---------+-------+---------+---------+-------
